ANAHEIM vs PITTSBURGH

Created - February-08-21 at 14:33

Goals
1 2 3 T
ANAHEIM 3 0 1 4
PITTSBURGH 0 1 1 2
Shots
1 2 3 T
ANAHEIM 10 19 6 35
PITTSBURGH 12 13 9 34

1st period

1. ANAHEIM , Mike Green 2 (Pierre-Luc Dubois 5, Evgeny Kuznetsov 10) at 3:04
2. ANAHEIM , Joel Edmundson 3 (Jason Zucker 10, Connor McDavid 15) at 7:15 (PP)
3. ANAHEIM , Evgeny Kuznetsov 4 (Zach Sanford 5, Jake McCabe 8) at 11:38

Penalties :
Greg Pateryn (PIT) for Hooking (Minor) at 1:01, Jamie Oleksiak (PIT) for Hooking (Minor) at 4:01, Jamie Oleksiak (PIT) for Hooking (Minor) at 7:03, Jake McCabe (ANA) for Cross-checking (Minor) at 17:02

2nd period

4. PITTSBURGH , Jack Eichel 11 (Teuvo Teravainen 13, Andrei Svechnikov 7) at 6:25 (PP)

Penalties :
Brandon Tanev (PIT) for Hooking (Minor) at 2:34, Pierre-Luc Dubois (ANA) for Slashing (Minor) at 5:02, Jake McCabe (ANA) for Hooking (Minor) at 12:15, Jordan Greenway (PIT) for Tripping (Minor) at 15:31

3rd period

5. PITTSBURGH , Robert Thomas 3 (Greg Pateryn 2, Jordan Greenway 3) at 9:42
6. ANAHEIM , Joel Edmundson 4 (Andrew Shaw 1, Connor McDavid 16) at 19:57 (Empty Net)

Penalties :
Anton Stralman (ANA) for Interference (Minor) at 0:08, Lars Eller (PIT) for Holding (Minor) at 3:21, Jonas Siegenthaler (PIT) for Fighting (Major) at 6:58, Patric Hornqvist (ANA) for Fighting (Major) at 6:58, Jonas Siegenthaler (PIT) for instigated a fight (Game Misconduct) at 6:58, Jason Zucker (ANA) for Roughing (Minor) at 9:50

Goalie Stats

Cam Talbot (ANA), 32 saves from 34 shots - (0.941), W, 6-8-6, 60:00 minutes
Philipp Grubauer (PIT), 31 saves from 34 shots - (0.912), L, 3-6-2, 58:03 minutes

Players Stats for ANAHEIM

Player Name              G  A  P  +/- PIM S  H  SB GA TA FO     MP     PP MP  PK MP  
------------------------------------------------------------------------------------
Andreas Athanasiou       0  0  0   1  0   3  0  0  0  0  3/4    17:31   5:47   0:15 
Andrew Shaw              0  1  1   1  0   0  0  0  0  0  1/1     2:16   1:18   0:00 
Anton Stralman           0  0  0   1  2   1  2  1  0  0  0/0    24:36   6:13   4:01 
C.J. Smith               0  0  0   0  0   0  0  0  0  0  0/0     2:50   0:00   0:00 
Casey Nelson             0  0  0   0  0   1  3  0  0  0  0/0    15:52   0:00   3:01 
Chris Wagner             0  0  0   1  0   0  1  1  0  0  0/0     0:50   0:00   0:00 
Connor McDavid           0  2  2   1  0   5  0  0  0  0  16/34  27:31   6:19   6:43 
Evgeny Kuznetsov         1  1  2   1  0   5  1  1  0  0  11/23  22:19   5:47   5:03 
Jake McCabe              0  1  1   1  4   0  1  1  0  0  0/0    19:29   5:53   2:17 
Jason Zucker             0  1  1   0  2   3  0  0  0  0  1/3    19:35   6:19   1:58 
Joel Edmundson           2  0  2   1  0   3  3  1  0  0  0/0    25:07   6:13   4:31 
Michael Frolik           0  0  0   0  0   1  0  0  0  0  0/1    14:51   0:00   2:29 
Mike Green               1  0  1   0  0   1  2  1  0  0  0/0    14:03   0:00   1:12 
Nate Thompson            0  0  0   0  0   1  3  1  0  0  3/5    15:12   0:00   0:00 
Patric Hornqvist         0  0  0   0  5   2  3  0  0  0  0/0    15:56   5:01   0:00 
Pierre-Luc Dubois        0  1  1   0  2   2  1  0  0  0  10/16  14:31   0:00   2:10 
Trevor van Riemsdyk      0  0  0   1  0   3  0  0  0  0  0/0    20:50   5:53   3:36 
Zach Sanford             0  1  1   1  0   4  2  0  0  0  0/0    17:16   5:47   0:00 

Players Stats for PITTSBURGH

Player Name              G  A  P  +/- PIM S  H  SB GA TA FO     MP     PP MP  PK MP  
------------------------------------------------------------------------------------
Andreas Johnsson         0  0  0  -1  0   1  1  0  0  0  1/2    10:44   3:46   0:00 
Andrei Svechnikov        0  1  1  -2  0   2  1  0  0  0  0/1    17:56   5:33   1:38 
Brandon Tanev            0  0  0  -1  2   0  2  0  0  0  1/1    12:50   0:00   2:49 
Cale Makar               0  0  0  -1  0   4  2  1  0  0  0/0    10:33   6:44   0:51 
Derek Ryan               0  0  0   1  0   0  0  0  0  0  8/17   16:22   3:46   2:51 
Greg Pateryn             0  1  1   1  2   1  3  1  0  0  0/0    16:30   0:00   3:34 
Jack Eichel              1  0  1  -1  0   4  2  0  0  0  11/24  17:28   5:33   0:05 
Jamie Oleksiak           0  0  0  -1  4   1  4  0  0  0  0/0    12:26   0:00   0:00 
Jan Rutta                0  0  0   0  0   0  0  0  0  0  0/0     1:34   0:00   1:34 
Jonas Siegenthaler       0  0  0  -1  17  0  2  3  0  0  0/0    16:08   0:35   5:22 
Jordan Greenway          0  1  1   1  2   5  1  0  0  0  1/2    13:15   3:31   0:00 
Jordan Oesterle          0  0  0  -1  0   0  1  1  0  0  0/0    12:28   0:00   0:00 
Kris Russell             0  0  0  -2  0   2  0  3  0  0  0/0    22:38   2:35   6:53 
Lars Eller               0  0  0  -1  2   3  1  0  0  0  17/30  20:18   3:46   6:31 
Nick Jensen              0  0  0   1  0   1  1  2  0  0  0/0    18:55   0:00   5:58 
Robert Thomas            1  0  1   1  0   3  0  0  0  0  0/1    14:58   5:13   0:00 
Sammy Blais              0  0  0  -1  0   1  1  0  0  0  0/0     6:58   0:00   0:00 
Teuvo Teravainen         0  1  1  -1  0   4  0  0  0  0  0/1    18:30   5:33   1:07 
Trevor Lewis             0  0  0  -1  0   1  1  0  0  0  2/7     8:35   0:00   1:37 
Vincent Hinostroza       0  0  0   0  0   1  2  0  0  0  1/1    18:41   0:00   7:34 

3 Stars

1 - Joel Edmundson (ANA)
2 - Evgeny Kuznetsov (ANA)
3 - Mike Green (ANA)

Power Play

ANAHEIM - 1 on 7 Attempt(s) - 14.29%
PITTSBURGH - 1 on 5 Attempt(s) - 20.00%

Penalty Kill

ANAHEIM - 4 on 5 Attempt(s) - 80.00% - Score 0 goal in Penalty Kill
PITTSBURGH - 6 on 7 Attempt(s) - 85.71% - Score 0 goal in Penalty Kill

Team Stat

ANAHEIM - Hits : 22 - Faceoff Wins : 45 - Blocked Shots : 7 - Penalty Minutes : 15
PITTSBURGH - Hits : 25 - Faceoff Wins : 42 - Blocked Shots : 11 - Penalty Minutes : 29

Official

Referees : Kenny Anderson and Beaudry Halkidis
Linesman : Kiel Murchison and Libor Suchanek

Game Notes

Jonas Siegenthaler beats up Patric Hornqvist at 6:58 of 3rd period
Jonas Siegenthaler ejected from game at 6:58 of 3rd period
Joel Edmundson has scored in a empty net!

Finance

Level 1 -- Attendance: 6000 (100.00%) -- Ticket Income $540,000
Level 2 -- Attendance: 4836 (96.72%) -- Ticket Income $280,488
Level 3 -- Attendance: 1939 (96.95%) -- Ticket Income $67,865
Level 4 -- Attendance: 4000 (100.00%) -- Ticket Income $68,000
Luxury Box -- Attendance: 944 (94.40%) -- Ticket Income $165,200
Game was played at the PPG Paints Arena.
Total Attendance: 17719 (98.44%)
Total Ticket Income: $1,121,553
Total Income: $1,121,553

ANAHEIM

5 vs 5 Forward 
   Center                   Left Wing                Right Wing               Time % Phy DF OF 
 1 Connor McDavid           Jason Zucker             Patric Hornqvist         35     1   2  2  
 2 Evgeny Kuznetsov         Andreas Athanasiou       Zach Sanford             30     1   2  2  
 3 Pierre-Luc Dubois        Michael Frolik           Nate Thompson            25     1   2  2  
 4 Nate Thompson            C.J. Smith               Connor McDavid           10     1   2  2  

5 vs 5 Defense 
   Defense                  Defense                                           Time % Phy DF OF 
 1 Anton Stralman           Joel Edmundson                                    35     1   2  2  
 2 Jake McCabe              Trevor van Riemsdyk                               30     1   2  2  
 3 Mike Green               Casey Nelson                                      25     1   2  2  
 4 Anton Stralman           Joel Edmundson                                    10     1   2  2  

PowerPlay Forward 
   Center                   Left Wing                Right Wing               Time % Phy DF OF 
 1 Connor McDavid           Jason Zucker             Patric Hornqvist         60     1   2  2  
 2 Evgeny Kuznetsov         Andreas Athanasiou       Zach Sanford             40     1   2  2  

PowerPlay Defense
   Defense                  Defense                                           Time % Phy DF OF 
 1 Anton Stralman           Joel Edmundson                                    60     1   2  2  
 2 Jake McCabe              Trevor van Riemsdyk                               40     1   2  2  

Penalty Kill 4 Players Forward 
   Center                   Wing                     Time % Phy DF OF 
 1 Connor McDavid           Evgeny Kuznetsov         60     1   2  2  
 2 Pierre-Luc Dubois        Jason Zucker             40     1   2  2  

Penalty Kill 4 Players Defense
   Defense                  Defense                  Time % Phy DF OF 
 1 Anton Stralman           Joel Edmundson           60     1   2  2  
 2 Jake McCabe              Trevor van Riemsdyk      40     1   2  2  

Penalty Kill - 3 Players Forward 
   Forward                                           Time % Phy DF OF 
 1 Connor McDavid                                    60     1   2  2  
 2 Evgeny Kuznetsov                                  40     1   2  2  

Penalty Kill - 3 Players Defense
   Defense                  Defense                  Time % Phy DF OF 
 1 Anton Stralman           Joel Edmundson           60     1   2  2  
 2 Jake McCabe              Trevor van Riemsdyk      40     1   2  2  

4 vs 4 Forward 
   Center                   Wing                     Time % Phy DF OF 
 1 Connor McDavid           Evgeny Kuznetsov         60     1   2  2  
 2 Pierre-Luc Dubois        Jason Zucker             40     1   2  2  

4 vs 4 Defense
   Defense                  Defense                  Time % Phy DF OF 
 1 Anton Stralman           Joel Edmundson           60     1   2  2  
 2 Jake McCabe              Trevor van Riemsdyk      40     1   2  2  

Last Minutes Offensive
   Center                   Left Wing                Right Wing               Defense                  Defense                  
   Connor McDavid           Jason Zucker             Patric Hornqvist         Anton Stralman           Joel Edmundson           

Last Minutes Defensive
   Center                   Left Wing                Right Wing               Defense                  Defense                  
   Connor McDavid           Jason Zucker             Patric Hornqvist         Anton Stralman           Joel Edmundson           

Goaltenders
Starting : Cam Talbot               
Backup : Juuse Saros              

Extra Forwards
Normal : Andrew Shaw, Chris Wagner, Michael Frolik - PP : Andrew Shaw, Chris Wagner - PK : Michael Frolik
Extra Defensemen
Normal : Mike Green, Casey Nelson, Jake McCabe - PP : Mike Green - PK : Casey Nelson, Jake McCabe
Penalty Shots
Connor McDavid, Evgeny Kuznetsov, Pierre-Luc Dubois, Jason Zucker, Patric Hornqvist

Scratches
None

PITTSBURGH

5 vs 5 Forward 
   Center                   Left Wing                Right Wing               Time % Phy DF OF 
 1 Jack Eichel              Vincent Hinostroza       Teuvo Teravainen         35     0   2  3  
 2 Lars Eller               Andrei Svechnikov        Brandon Tanev            30     0   2  3  
 3 Derek Ryan               Jordan Greenway          Robert Thomas            25     0   2  3  
 4 Trevor Lewis             Sammy Blais              Andreas Johnsson         10     0   2  3  

5 vs 5 Defense 
   Defense                  Defense                                           Time % Phy DF OF 
 1 Kris Russell             Jonas Siegenthaler                                35     0   3  2  
 2 Greg Pateryn             Nick Jensen                                       30     0   3  2  
 3 Jamie Oleksiak           Jordan Oesterle                                   25     0   3  2  
 4 Kris Russell             Jonas Siegenthaler                                10     0   3  2  

PowerPlay Forward 
   Center                   Left Wing                Right Wing               Time % Phy DF OF 
 1 Jack Eichel              Andrei Svechnikov        Teuvo Teravainen         70     0   1  4  
 2 Derek Ryan               Lars Eller               Andreas Johnsson         30     0   1  4  

PowerPlay Defense
   Defense                  Defense                                           Time % Phy DF OF 
 1 Cale Makar               Robert Thomas                                     70     0   1  4  
 2 Cale Makar               Jordan Greenway                                   30     0   1  4  

Penalty Kill 4 Players Forward 
   Center                   Wing                     Time % Phy DF OF 
 1 Lars Eller               Vincent Hinostroza       60     0   4  1  
 2 Derek Ryan               Brandon Tanev            40     0   4  1  

Penalty Kill 4 Players Defense
   Defense                  Defense                  Time % Phy DF OF 
 1 Jonas Siegenthaler       Kris Russell             60     0   4  1  
 2 Greg Pateryn             Nick Jensen              40     0   4  1  

Penalty Kill - 3 Players Forward 
   Forward                                           Time % Phy DF OF 
 1 Vincent Hinostroza                                60     0   5  0  
 2 Lars Eller                                        40     0   5  0  

Penalty Kill - 3 Players Defense
   Defense                  Defense                  Time % Phy DF OF 
 1 Jonas Siegenthaler       Kris Russell             60     0   5  0  
 2 Greg Pateryn             Nick Jensen              40     0   5  0  

4 vs 4 Forward 
   Center                   Wing                     Time % Phy DF OF 
 1 Jack Eichel              Teuvo Teravainen         60     0   2  3  
 2 Robert Thomas            Andrei Svechnikov        40     0   2  3  

4 vs 4 Defense
   Defense                  Defense                  Time % Phy DF OF 
 1 Jonas Siegenthaler       Kris Russell             60     0   3  2  
 2 Jamie Oleksiak           Cale Makar               40     0   3  2  

Last Minutes Offensive
   Center                   Left Wing                Right Wing               Defense                  Defense                  
   Jack Eichel              Andrei Svechnikov        Teuvo Teravainen         Cale Makar               Robert Thomas            

Last Minutes Defensive
   Center                   Left Wing                Right Wing               Defense                  Defense                  
   Lars Eller               Brandon Tanev            Vincent Hinostroza       Jonas Siegenthaler       Kris Russell             

Goaltenders
Starting : Philipp Grubauer         
Backup : Jordan Binnington        

Extra Forwards
Normal : Jack Eichel, Teuvo Teravainen, Andrei Svechnikov - PP : Jack Eichel, Teuvo Teravainen - PK : Vincent Hinostroza
Extra Defensemen
Normal : Kris Russell, Jonas Siegenthaler, Cale Makar - PP : Cale Makar - PK : Kris Russell, Jonas Siegenthaler
Penalty Shots
Andrei Svechnikov, Vincent Hinostroza, Teuvo Teravainen, Lars Eller, Derek Ryan

Scratches
PIT Cap Hit (Suspend), Pontus Aberg (Healthy)

% Time on Ice - ANAHEIM

Lines # - Real PCT - Wanted PCT - Time Play
Normal Forward
1 - 30% - 35% - 11:19
2 - 30% - 30% - 11:29
3 - 33% - 25% - 12:22
4 - 7% - 10% - 2:50
Normal Defense
1 - 34% - 35% - 12:48
2 - 30% - 30% - 11:21
3 - 34% - 25% - 12:51
4 - 3% - 10% - 1:00
PP Forward
1 - 52% - 60% - 6:19
2 - 48% - 40% - 5:47
PP Defense
1 - 51% - 60% - 6:13
2 - 49% - 40% - 5:53
PK Forward
1 - 72% - 60% - 6:43
2 - 28% - 40% - 2:36
PK Defense
1 - 51% - 60% - 4:46
2 - 49% - 40% - 4:33
PK3 Forward
1 - 0% - 60%
2 - 0% - 40%
PK3 Defense
1 - 0% - 60%
2 - 0% - 40%
44 Forward
1 - 0% - 60%
2 - 0% - 40%
44 Defense
1 - 0% - 60%
2 - 0% - 40%
Last Minute Offensive  - 0:00
Last Minute Defensive  - 0:35
Total
Forward - 60:00
Defense - 60:00

% Time on Ice - PITTSBURGH

Lines # - Real PCT - Wanted PCT - Time Play
Normal Forward
1 - 29% - 35% - 11:07
2 - 26% - 30% - 10:02
3 - 26% - 25% - 9:45
4 - 18% - 10% - 6:58
Normal Defense
1 - 32% - 35% - 12:11
2 - 34% - 30% - 12:57
3 - 33% - 25% - 12:28
4 - 1% - 10% - 0:16
PP Forward
1 - 60% - 70% - 5:33
2 - 40% - 30% - 3:46
PP Defense
1 - 62% - 70% - 5:48
2 - 38% - 30% - 3:31
PK Forward
1 - 71% - 60% - 8:39
2 - 29% - 40% - 3:27
PK Defense
1 - 54% - 60% - 6:33
2 - 46% - 40% - 5:33
PK3 Forward
1 - 0% - 60%
2 - 0% - 40%
PK3 Defense
1 - 0% - 60%
2 - 0% - 40%
44 Forward
1 - 0% - 60%
2 - 0% - 40%
44 Defense
1 - 0% - 60%
2 - 0% - 40%
Last Minute Offensive  - 0:43
Last Minute Defensive  - 0:00
Total
Forward - 60:00
Defense - 60:00

Play-by-Play

1st period


0:01 of 1st period - Connor McDavid wins face-off versus Jack Eichel in neutral zone.
0:36 of 1st period - Shot by Jason Zucker.
0:36 of 1st period - Shot Misses the Net.
0:38 of 1st period - Shot by Joel Edmundson.
0:38 of 1st period - Shot Misses the Net.
0:40 of 1st period - Shot by Joel Edmundson.
0:40 of 1st period - Shot Misses the Net.
1:01 of 1st period - Minor Penalty to Greg Pateryn for Hooking.
1:02 of 1st period - Evgeny Kuznetsov wins face-off versus Lars Eller in PITTSBURGH zone.
2:04 of 1st period - Shot by Patric Hornqvist.
2:04 of 1st period - Stopped by Philipp Grubauer without a rebound.
2:05 of 1st period - Lars Eller wins face-off versus Evgeny Kuznetsov in PITTSBURGH zone.
2:05 of 1st period - Lars Eller is hit by Evgeny Kuznetsov.
2:16 of 1st period - Off-side.
2:17 of 1st period - Brandon Tanev wins face-off versus Connor McDavid in neutral zone.
3:02 of 1st period - Shot by Pierre-Luc Dubois.
3:02 of 1st period - Shot Misses the Net.
3:04 of 1st period - Shot by Mike Green.
3:04 of 1st period - Goal by Mike Green - ANAHEIM : 1 - PITTSBURGH : 0.
3:05 of 1st period - Pierre-Luc Dubois wins face-off versus Robert Thomas in neutral zone.
3:05 of 1st period - Mike Green is hit by Jordan Greenway and loses puck.
3:36 of 1st period - Michael Frolik is hit by Jamie Oleksiak and loses puck.
4:01 of 1st period - Shot by Zach Sanford.
4:01 of 1st period - Stopped by Philipp Grubauer without a rebound.
4:01 of 1st period - Minor Penalty to Jamie Oleksiak for Hooking.
4:02 of 1st period - Lars Eller wins face-off versus Connor McDavid in PITTSBURGH zone.
4:02 of 1st period - Lars Eller is hit by Patric Hornqvist.
4:12 of 1st period - Shot by Joel Edmundson.
4:12 of 1st period - Deflect By Patric Hornqvist.
4:12 of 1st period - Shot Misses the Net.
4:14 of 1st period - Shot by Patric Hornqvist.
4:14 of 1st period - Shot Misses the Net.
6:23 of 1st period - Pierre-Luc Dubois is hit by Jamie Oleksiak and loses puck.
6:54 of 1st period - Shot by Jason Zucker.
6:54 of 1st period - Shot Blocked by Jordan Oesterle.
7:01 of 1st period - Jason Zucker is hit by Jordan Oesterle and loses puck.
7:03 of 1st period - Minor Penalty to Jamie Oleksiak for Hooking.
7:04 of 1st period - Connor McDavid wins face-off versus Lars Eller in PITTSBURGH zone.
7:11 of 1st period - Shot by Jason Zucker.
7:11 of 1st period - Shot Misses the Net.
7:13 of 1st period - Shot by Jason Zucker.
7:13 of 1st period - Shot Misses the Net.
7:15 of 1st period - Shot by Joel Edmundson.
7:15 of 1st period - Goal by Joel Edmundson - ANAHEIM : 2 - PITTSBURGH : 0.
7:16 of 1st period - Jordan Greenway wins face-off versus Nate Thompson in neutral zone.
7:21 of 1st period - Shot by Kris Russell.
7:21 of 1st period - Stopped by Cam Talbot without a rebound.
7:22 of 1st period - Evgeny Kuznetsov wins face-off versus Lars Eller in ANAHEIM zone.
8:01 of 1st period - Trevor van Riemsdyk is hit by Brandon Tanev and loses puck.
8:16 of 1st period - Shot by Nate Thompson.
8:16 of 1st period - Shot Misses the Net.
8:24 of 1st period - Shot by Connor McDavid.
8:24 of 1st period - Stopped by Philipp Grubauer without a rebound.
8:25 of 1st period - Connor McDavid wins face-off versus Jack Eichel in PITTSBURGH zone.
8:34 of 1st period - Shot by Patric Hornqvist.
8:34 of 1st period - Deflect By Jason Zucker.
8:34 of 1st period - Shot Blocked by Jonas Siegenthaler.
9:27 of 1st period - Shot by Derek Ryan.
9:27 of 1st period - Shot Misses the Net.
9:29 of 1st period - Shot by Derek Ryan.
9:29 of 1st period - Shot Misses the Net.
9:31 of 1st period - Shot by Jamie Oleksiak.
9:31 of 1st period - Stopped by Cam Talbot with a rebound.
9:57 of 1st period - Patric Hornqvist is hit by Sammy Blais and loses puck.
10:39 of 1st period - Icing by Anton Stralman.
10:40 of 1st period - Pierre-Luc Dubois wins face-off versus Jack Eichel in ANAHEIM zone.
10:59 of 1st period - Shot by Vincent Hinostroza.
10:59 of 1st period - Shot Misses the Net.
11:01 of 1st period - Shot by Teuvo Teravainen.
11:01 of 1st period - Shot Misses the Net.
11:03 of 1st period - Shot by Teuvo Teravainen.
11:03 of 1st period - Stopped by Cam Talbot with a rebound.
11:15 of 1st period - Shot by Jack Eichel.
11:15 of 1st period - Stopped by Cam Talbot without a rebound.
11:16 of 1st period - Evgeny Kuznetsov wins face-off versus Lars Eller in ANAHEIM zone.
11:38 of 1st period - Shot by Evgeny Kuznetsov.
11:38 of 1st period - Goal by Evgeny Kuznetsov - ANAHEIM : 3 - PITTSBURGH : 0.
11:39 of 1st period - Derek Ryan wins face-off versus Evgeny Kuznetsov in neutral zone.
11:44 of 1st period - Shot by Jordan Greenway.
11:44 of 1st period - Stopped by Cam Talbot with a rebound.
11:53 of 1st period - Jake McCabe is hit by Greg Pateryn and loses puck.
12:00 of 1st period - Shot by Zach Sanford.
12:00 of 1st period - Stopped by Philipp Grubauer without a rebound.
12:01 of 1st period - Jack Eichel wins face-off versus Nate Thompson in PITTSBURGH zone.
12:10 of 1st period - Shot by Vincent Hinostroza.
12:10 of 1st period - Shot Blocked by Joel Edmundson.
12:43 of 1st period - Jack Eichel is hit by Anton Stralman and loses puck.
13:03 of 1st period - Lars Eller is hit by Joel Edmundson.
13:18 of 1st period - Icing by Anton Stralman.
13:19 of 1st period - Nate Thompson wins face-off versus Derek Ryan in ANAHEIM zone.
13:34 of 1st period - Shot by Jordan Greenway.
13:34 of 1st period - Stopped by Cam Talbot without a rebound.
13:35 of 1st period - Trevor Lewis wins face-off versus Evgeny Kuznetsov in ANAHEIM zone.
13:38 of 1st period - Shot by Sammy Blais.
13:38 of 1st period - Shot Misses the Net.
13:57 of 1st period - Shot by Andreas Athanasiou.
13:57 of 1st period - Stopped by Philipp Grubauer without a rebound.
13:58 of 1st period - Lars Eller wins face-off versus Evgeny Kuznetsov in PITTSBURGH zone.
14:09 of 1st period - Icing by Casey Nelson.
14:10 of 1st period - Andreas Athanasiou wins face-off versus Jack Eichel in ANAHEIM zone.
14:15 of 1st period - Shot by Evgeny Kuznetsov.
14:15 of 1st period - Shot Misses the Net.
14:17 of 1st period - Shot by Zach Sanford.
14:17 of 1st period - Stopped by Philipp Grubauer without a rebound.
14:18 of 1st period - Connor McDavid wins face-off versus Jack Eichel in PITTSBURGH zone.
14:18 of 1st period - Connor McDavid is hit by Jonas Siegenthaler.
14:22 of 1st period - Shot by Jason Zucker.
14:22 of 1st period - Shot Misses the Net.
14:48 of 1st period - Shot by Teuvo Teravainen.
14:48 of 1st period - Deflect By Vincent Hinostroza.
14:48 of 1st period - Shot Misses the Net.
14:50 of 1st period - Shot by Teuvo Teravainen.
14:50 of 1st period - Deflect By Jack Eichel.
14:50 of 1st period - Shot Blocked by Jake McCabe.
14:52 of 1st period - Shot by Teuvo Teravainen.
14:52 of 1st period - Stopped by Cam Talbot without a rebound.
14:53 of 1st period - Lars Eller wins face-off versus Evgeny Kuznetsov in ANAHEIM zone.
14:53 of 1st period - Andrei Svechnikov is hit by Casey Nelson and loses puck.
15:03 of 1st period - Lars Eller is hit by Casey Nelson and loses puck.
15:10 of 1st period - Shot by Andrei Svechnikov.
15:10 of 1st period - Stopped by Cam Talbot without a rebound.
15:11 of 1st period - Derek Ryan wins face-off versus Pierre-Luc Dubois in ANAHEIM zone.
15:42 of 1st period - Shot by Michael Frolik.
15:42 of 1st period - Stopped by Philipp Grubauer with a rebound.
16:28 of 1st period - Shot by Lars Eller.
16:28 of 1st period - Shot Misses the Net.
16:50 of 1st period - Trevor van Riemsdyk is hit by Vincent Hinostroza and loses puck.
17:01 of 1st period - Shot by Vincent Hinostroza.
17:01 of 1st period - Shot Misses the Net.
17:02 of 1st period - Minor Penalty to Jake McCabe for Cross-checking.
17:03 of 1st period - Connor McDavid wins face-off versus Jack Eichel in ANAHEIM zone.
17:30 of 1st period - Shot by Robert Thomas.
17:30 of 1st period - Shot Blocked by Anton Stralman.
17:56 of 1st period - Shot by Lars Eller.
17:56 of 1st period - Stopped by Cam Talbot without a rebound.
17:57 of 1st period - Pierre-Luc Dubois wins face-off versus Lars Eller in ANAHEIM zone.
18:12 of 1st period - Shot by Andreas Johnsson.
18:12 of 1st period - Deflect By Lars Eller.
18:12 of 1st period - Stopped by Cam Talbot without a rebound.
18:13 of 1st period - Jack Eichel wins face-off versus Pierre-Luc Dubois in ANAHEIM zone.
19:03 of 1st period - Shot by Derek Ryan.
19:03 of 1st period - Deflect By Trevor Lewis.
19:03 of 1st period - Stopped by Cam Talbot with a rebound.
19:05 of 1st period - Shot by Nick Jensen.
19:05 of 1st period - Stopped by Cam Talbot with a rebound.
19:15 of 1st period - Shot by Sammy Blais.
19:15 of 1st period - Shot Misses the Net.
19:49 of 1st period - Shot by Vincent Hinostroza.
19:49 of 1st period - Shot Misses the Net.
19:51 of 1st period - Shot by Jack Eichel.
19:51 of 1st period - Shot Misses the Net.
19:53 of 1st period - Shot by Kris Russell.
19:53 of 1st period - Shot Misses the Net.
19:55 of 1st period - Shot by Jack Eichel.
19:55 of 1st period - Shot Blocked by Nate Thompson.
Goals for this period are 3 for ANAHEIM vs 0 for PITTSBURGH.
Shots for this period are 10 for ANAHEIM vs 12 for PITTSBURGH.

2nd period


0:01 of 2nd period - Connor McDavid wins face-off versus Jack Eichel in neutral zone.
1:32 of 2nd period - Shot by Zach Sanford.
1:32 of 2nd period - Stopped by Philipp Grubauer without a rebound.
1:33 of 2nd period - Derek Ryan wins face-off versus Pierre-Luc Dubois in PITTSBURGH zone.
1:44 of 2nd period - Shot by Derek Ryan.
1:44 of 2nd period - Shot Misses the Net.
1:48 of 2nd period - Shot by Robert Thomas.
1:48 of 2nd period - Shot Misses the Net.
1:50 of 2nd period - Shot by Jordan Greenway.
1:50 of 2nd period - Stopped by Cam Talbot without a rebound.
1:51 of 2nd period - Nate Thompson wins face-off versus Lars Eller in ANAHEIM zone.
2:10 of 2nd period - Shot by Lars Eller.
2:10 of 2nd period - Stopped by Cam Talbot without a rebound.
2:11 of 2nd period - Derek Ryan wins face-off versus Evgeny Kuznetsov in ANAHEIM zone.
2:14 of 2nd period - Shot by Jordan Greenway.
2:14 of 2nd period - Stopped by Cam Talbot without a rebound.
2:15 of 2nd period - Derek Ryan wins face-off versus Evgeny Kuznetsov in ANAHEIM zone.
2:18 of 2nd period - Shot by Robert Thomas.
2:18 of 2nd period - The goal is going for a video replay.
2:18 of 2nd period - The goal is refused.
2:19 of 2nd period - Lars Eller wins face-off versus Connor McDavid in ANAHEIM zone.
2:28 of 2nd period - Joel Edmundson is hit by Andrei Svechnikov and loses puck.
2:34 of 2nd period - Minor Penalty to Brandon Tanev for Hooking.
2:35 of 2nd period - Evgeny Kuznetsov wins face-off versus Lars Eller in PITTSBURGH zone.
2:56 of 2nd period - Shot by Evgeny Kuznetsov.
2:56 of 2nd period - Shot Misses the Net.
2:58 of 2nd period - Shot by Zach Sanford.
2:58 of 2nd period - Shot Misses the Net.
3:00 of 2nd period - Shot by Trevor van Riemsdyk.
3:00 of 2nd period - Stopped by Philipp Grubauer without a rebound.
3:01 of 2nd period - Lars Eller wins face-off versus Connor McDavid in PITTSBURGH zone.
3:15 of 2nd period - Jonas Siegenthaler is hit by Patric Hornqvist.
3:27 of 2nd period - Shot by Connor McDavid.
3:27 of 2nd period - Shot Misses the Net.
3:29 of 2nd period - Shot by Anton Stralman.
3:29 of 2nd period - Shot Misses the Net.
3:31 of 2nd period - Shot by Joel Edmundson.
3:31 of 2nd period - Stopped by Philipp Grubauer without a rebound.
3:32 of 2nd period - Andreas Athanasiou wins face-off versus Lars Eller in PITTSBURGH zone.
3:51 of 2nd period - Shot by Evgeny Kuznetsov.
3:51 of 2nd period - Stopped by Philipp Grubauer with a rebound.
4:07 of 2nd period - Shot by Evgeny Kuznetsov.
4:07 of 2nd period - Stopped by Philipp Grubauer without a rebound.
4:08 of 2nd period - Connor McDavid wins face-off versus Derek Ryan in PITTSBURGH zone.
4:36 of 2nd period - Anton Stralman is hit by Andreas Johnsson.
4:58 of 2nd period - Andreas Johnsson is hit by Nate Thompson and loses puck.
5:02 of 2nd period - Minor Penalty to Pierre-Luc Dubois for Slashing.
5:03 of 2nd period - Jack Eichel wins face-off versus Connor McDavid in ANAHEIM zone.
5:06 of 2nd period - Shot by Cale Makar.
5:06 of 2nd period - Stopped by Cam Talbot without a rebound.
5:07 of 2nd period - Jack Eichel wins face-off versus Connor McDavid in ANAHEIM zone.
5:12 of 2nd period - Shot by Andrei Svechnikov.
5:12 of 2nd period - Shot Misses the Net.
5:22 of 2nd period - Shot by Robert Thomas.
5:22 of 2nd period - Stopped by Cam Talbot without a rebound.
5:23 of 2nd period - Connor McDavid wins face-off versus Derek Ryan in ANAHEIM zone.
5:29 of 2nd period - Icing by Cale Makar.
5:30 of 2nd period - Connor McDavid wins face-off versus Derek Ryan in PITTSBURGH zone.
5:51 of 2nd period - Shot by Cale Makar.
5:51 of 2nd period - Shot Hit the Post.
5:53 of 2nd period - Shot by Robert Thomas.
5:53 of 2nd period - Shot Blocked by Evgeny Kuznetsov.
5:55 of 2nd period - Shot by Lars Eller.
5:55 of 2nd period - Shot Misses the Net.
5:57 of 2nd period - Shot by Lars Eller.
5:57 of 2nd period - Shot Misses the Net.
5:59 of 2nd period - Shot by Cale Makar.
5:59 of 2nd period - Stopped by Cam Talbot without a rebound.
6:00 of 2nd period - Jack Eichel wins face-off versus Michael Frolik in ANAHEIM zone.
6:21 of 2nd period - Shot by Jack Eichel.
6:21 of 2nd period - Shot Hit the Post.
6:23 of 2nd period - Shot by Jack Eichel.
6:23 of 2nd period - Stopped by Cam Talbot with a rebound.
6:25 of 2nd period - Shot by Jack Eichel.
6:25 of 2nd period - Goal by Jack Eichel - ANAHEIM : 3 - PITTSBURGH : 1.
6:26 of 2nd period - Nate Thompson wins face-off versus Trevor Lewis in neutral zone.
6:46 of 2nd period - Shot by Connor McDavid.
6:46 of 2nd period - Shot Misses the Net.
6:48 of 2nd period - Shot by Nate Thompson.
6:48 of 2nd period - Shot Misses the Net.
7:07 of 2nd period - Icing by Andreas Johnsson.
7:08 of 2nd period - Evgeny Kuznetsov wins face-off versus Trevor Lewis in PITTSBURGH zone.
7:12 of 2nd period - Andreas Athanasiou is hit by Jonas Siegenthaler and loses puck.
7:19 of 2nd period - Shot by Evgeny Kuznetsov.
7:19 of 2nd period - Shot Blocked by Jonas Siegenthaler.
7:33 of 2nd period - Shot by Evgeny Kuznetsov.
7:33 of 2nd period - Shot Misses the Net.
7:41 of 2nd period - Shot by Zach Sanford.
7:41 of 2nd period - Shot Blocked by Jonas Siegenthaler.
8:13 of 2nd period - Shot by Patric Hornqvist.
8:13 of 2nd period - Stopped by Philipp Grubauer without a rebound.
8:14 of 2nd period - Pierre-Luc Dubois wins face-off versus Andrei Svechnikov in PITTSBURGH zone.
8:34 of 2nd period - Shot by Pierre-Luc Dubois.
8:34 of 2nd period - Stopped by Philipp Grubauer with a rebound.
8:36 of 2nd period - Shot by Joel Edmundson.
8:36 of 2nd period - Shot Misses the Net.
8:52 of 2nd period - Icing by Jamie Oleksiak.
8:53 of 2nd period - Lars Eller wins face-off versus Connor McDavid in PITTSBURGH zone.
9:28 of 2nd period - Vincent Hinostroza is hit by Casey Nelson and loses puck.
9:45 of 2nd period - Jason Zucker is hit by Jack Eichel and loses puck.
11:47 of 2nd period - Andreas Athanasiou is hit by Brandon Tanev.
11:48 of 2nd period - Icing by Andreas Athanasiou.
11:49 of 2nd period - Evgeny Kuznetsov wins face-off versus Trevor Lewis in ANAHEIM zone.
11:49 of 2nd period - Evgeny Kuznetsov is hit by Trevor Lewis.
12:01 of 2nd period - Evgeny Kuznetsov is hit by Jamie Oleksiak and loses puck.
12:06 of 2nd period - Shot by Andreas Athanasiou.
12:06 of 2nd period - Shot Misses the Net.
12:15 of 2nd period - Minor Penalty to Jake McCabe for Hooking.
12:16 of 2nd period - Jack Eichel wins face-off versus Connor McDavid in ANAHEIM zone.
12:39 of 2nd period - Shot by Jack Eichel.
12:39 of 2nd period - Shot Misses the Net.
13:01 of 2nd period - Shot by Jordan Greenway.
13:01 of 2nd period - Stopped by Cam Talbot without a rebound.
13:02 of 2nd period - Pierre-Luc Dubois wins face-off versus Derek Ryan in ANAHEIM zone.
14:10 of 2nd period - Shot by Kris Russell.
14:10 of 2nd period - Stopped by Cam Talbot without a rebound.
14:11 of 2nd period - Andreas Johnsson wins face-off versus Pierre-Luc Dubois in ANAHEIM zone.
14:20 of 2nd period - Shot by Greg Pateryn.
14:20 of 2nd period - Stopped by Cam Talbot without a rebound.
14:21 of 2nd period - Evgeny Kuznetsov wins face-off versus Lars Eller in ANAHEIM zone.
14:52 of 2nd period - Brandon Tanev is hit by Zach Sanford and loses puck.
15:31 of 2nd period - Minor Penalty to Jordan Greenway for Tripping.
15:32 of 2nd period - Connor McDavid wins face-off versus Lars Eller in PITTSBURGH zone.
15:35 of 2nd period - Shot by Connor McDavid.
15:35 of 2nd period - Stopped by Philipp Grubauer without a rebound.
15:36 of 2nd period - Vincent Hinostroza wins face-off versus Connor McDavid in PITTSBURGH zone.
15:45 of 2nd period - Shot by Jason Zucker.
15:45 of 2nd period - Stopped by Philipp Grubauer without a rebound.
15:46 of 2nd period - Jason Zucker wins face-off versus Lars Eller in PITTSBURGH zone.
15:47 of 2nd period - Shot by Connor McDavid.
15:47 of 2nd period - Shot Blocked by Kris Russell.
15:49 of 2nd period - Shot by Jason Zucker.
15:49 of 2nd period - Shot Misses the Net.
15:51 of 2nd period - Shot by Trevor van Riemsdyk.
15:51 of 2nd period - Stopped by Philipp Grubauer with a rebound.
15:53 of 2nd period - Shot by Jake McCabe.
15:53 of 2nd period - Shot Misses the Net.
16:10 of 2nd period - Shot by Jason Zucker.
16:10 of 2nd period - Stopped by Philipp Grubauer without a rebound.
16:11 of 2nd period - Evgeny Kuznetsov wins face-off versus Lars Eller in PITTSBURGH zone.
16:30 of 2nd period - Shot by Andreas Athanasiou.
16:30 of 2nd period - Stopped by Philipp Grubauer without a rebound.
16:31 of 2nd period - Connor McDavid wins face-off versus Derek Ryan in PITTSBURGH zone.
16:38 of 2nd period - Shot by Connor McDavid.
16:38 of 2nd period - Stopped by Philipp Grubauer without a rebound.
16:39 of 2nd period - Lars Eller wins face-off versus Jason Zucker in PITTSBURGH zone.
16:51 of 2nd period - Shot by Anton Stralman.
16:51 of 2nd period - Stopped by Philipp Grubauer without a rebound.
16:52 of 2nd period - Lars Eller wins face-off versus Evgeny Kuznetsov in PITTSBURGH zone.
17:15 of 2nd period - Shot by Zach Sanford.
17:15 of 2nd period - Shot Blocked by Greg Pateryn.
17:17 of 2nd period - Shot by Jake McCabe.
17:17 of 2nd period - Shot Blocked by Nick Jensen.
17:19 of 2nd period - Shot by Evgeny Kuznetsov.
17:19 of 2nd period - Stopped by Philipp Grubauer without a rebound.
17:20 of 2nd period - Lars Eller wins face-off versus Connor McDavid in PITTSBURGH zone.
17:41 of 2nd period - Shot by Pierre-Luc Dubois.
17:41 of 2nd period - Stopped by Philipp Grubauer without a rebound.
17:42 of 2nd period - Connor McDavid wins face-off versus Jack Eichel in PITTSBURGH zone.
17:48 of 2nd period - Vincent Hinostroza is hit by Joel Edmundson and loses puck.
17:57 of 2nd period - Shot by Jack Eichel.
17:57 of 2nd period - Shot Misses the Net.
17:59 of 2nd period - Shot by Teuvo Teravainen.
17:59 of 2nd period - Stopped by Cam Talbot without a rebound.
18:00 of 2nd period - Derek Ryan wins face-off versus Evgeny Kuznetsov in ANAHEIM zone.
18:00 of 2nd period - Robert Thomas is hit by Jake McCabe and loses puck.
19:08 of 2nd period - Shot by Connor McDavid.
19:08 of 2nd period - Stopped by Philipp Grubauer without a rebound.
19:09 of 2nd period - Pierre-Luc Dubois wins face-off versus Jack Eichel in PITTSBURGH zone.
19:31 of 2nd period - Shot by Pierre-Luc Dubois.
19:31 of 2nd period - Shot Misses the Net.
19:33 of 2nd period - Shot by Nate Thompson.
19:33 of 2nd period - Stopped by Philipp Grubauer with a rebound.
19:35 of 2nd period - Shot by Mike Green.
19:35 of 2nd period - Shot Misses the Net.
19:37 of 2nd period - Shot by Casey Nelson.
19:37 of 2nd period - Stopped by Philipp Grubauer without a rebound.
19:38 of 2nd period - Lars Eller wins face-off versus Connor McDavid in PITTSBURGH zone.
Goals for this period are 0 for ANAHEIM vs 1 for PITTSBURGH.
Shots for this period are 19 for ANAHEIM vs 13 for PITTSBURGH.

3rd period


0:01 of 3rd period - Jack Eichel wins face-off versus Connor McDavid in neutral zone.
0:01 of 3rd period - Jack Eichel is hit by Patric Hornqvist.
0:06 of 3rd period - Jack Eichel is hit by Anton Stralman and loses puck.
0:08 of 3rd period - Minor Penalty to Anton Stralman for Interference.
0:09 of 3rd period - Jack Eichel wins face-off versus Connor McDavid in ANAHEIM zone.
0:31 of 3rd period - Connor McDavid is hit by Cale Makar and loses puck.
0:44 of 3rd period - Shot by Cale Makar.
0:44 of 3rd period - Stopped by Cam Talbot without a rebound.
0:45 of 3rd period - Pierre-Luc Dubois wins face-off versus Andreas Johnsson in ANAHEIM zone.
1:03 of 3rd period - Casey Nelson is hit by Lars Eller and loses puck.
1:08 of 3rd period - Shot by Cale Makar.
1:08 of 3rd period - Deflect By Andreas Johnsson.
1:08 of 3rd period - Stopped by Cam Talbot with a rebound.
1:10 of 3rd period - Shot by Cale Makar.
1:10 of 3rd period - Stopped by Cam Talbot without a rebound.
1:11 of 3rd period - Pierre-Luc Dubois wins face-off versus Jack Eichel in ANAHEIM zone.
2:14 of 3rd period - Pierre-Luc Dubois is hit by Greg Pateryn and loses puck.
2:21 of 3rd period - Andreas Johnsson is hit by Nate Thompson.
2:24 of 3rd period - Greg Pateryn is hit by Nate Thompson and loses puck.
2:40 of 3rd period - Trevor Lewis is hit by Mike Green and loses puck.
3:02 of 3rd period - Connor McDavid is hit by Jamie Oleksiak and loses puck.
3:21 of 3rd period - Minor Penalty to Lars Eller for Holding.
3:22 of 3rd period - Trevor Lewis wins face-off versus Evgeny Kuznetsov in PITTSBURGH zone.
3:49 of 3rd period - Shot by Andreas Athanasiou.
3:49 of 3rd period - Shot Misses the Net.
4:39 of 3rd period - Off-side.
4:40 of 3rd period - Andreas Athanasiou wins face-off versus Teuvo Teravainen in neutral zone.
4:54 of 3rd period - Shot by Anton Stralman.
4:54 of 3rd period - Shot Blocked by Nick Jensen.
5:28 of 3rd period - Icing by Jordan Oesterle.
5:29 of 3rd period - Derek Ryan wins face-off versus Pierre-Luc Dubois in PITTSBURGH zone.
6:28 of 3rd period - Off-side.
6:29 of 3rd period - Evgeny Kuznetsov wins face-off versus Trevor Lewis in neutral zone.
6:39 of 3rd period - Evgeny Kuznetsov is hit by Greg Pateryn and loses puck.
6:51 of 3rd period - Nick Jensen is hit by Zach Sanford and loses puck.
6:55 of 3rd period - Off-side.
6:56 of 3rd period - Connor McDavid wins face-off versus Jack Eichel in neutral zone.
6:58 of 3rd period - Jonas Siegenthaler beats up Patric Hornqvist.
6:58 of 3rd period - Penalty to Jonas Siegenthaler for Fighting.
6:58 of 3rd period - Penalty to Patric Hornqvist for Fighting.
6:58 of 3rd period - Penalty to Jonas Siegenthaler for instigated a fight.
6:58 of 3rd period - Jonas Siegenthaler is ejected from game.
6:59 of 3rd period - Lars Eller wins face-off versus Connor McDavid in PITTSBURGH zone.
7:10 of 3rd period - Shot by Trevor van Riemsdyk.
7:10 of 3rd period - Stopped by Philipp Grubauer without a rebound.
7:11 of 3rd period - Lars Eller wins face-off versus Connor McDavid in PITTSBURGH zone.
7:44 of 3rd period - Shot by Jason Zucker.
7:44 of 3rd period - Shot Blocked by Kris Russell.
7:46 of 3rd period - Shot by Andrew Shaw.
7:46 of 3rd period - Shot Misses the Net.
7:48 of 3rd period - Shot by Anton Stralman.
7:48 of 3rd period - Shot Misses the Net.
8:09 of 3rd period - Shot by Evgeny Kuznetsov.
8:09 of 3rd period - Deflect By Andreas Athanasiou.
8:09 of 3rd period - Stopped by Philipp Grubauer without a rebound.
8:10 of 3rd period - Evgeny Kuznetsov wins face-off versus Lars Eller in PITTSBURGH zone.
8:21 of 3rd period - Shot by Jake McCabe.
8:21 of 3rd period - Shot Misses the Net.
8:33 of 3rd period - Shot by Evgeny Kuznetsov.
8:33 of 3rd period - Stopped by Philipp Grubauer without a rebound.
8:34 of 3rd period - Derek Ryan wins face-off versus Connor McDavid in PITTSBURGH zone.
8:45 of 3rd period - Joel Edmundson is hit by Vincent Hinostroza and loses puck.
9:19 of 3rd period - Icing by Casey Nelson.
9:20 of 3rd period - Pierre-Luc Dubois wins face-off versus Derek Ryan in ANAHEIM zone.
9:42 of 3rd period - Shot by Robert Thomas.
9:42 of 3rd period - Goal by Robert Thomas - ANAHEIM : 3 - PITTSBURGH : 2.
9:43 of 3rd period - Jack Eichel wins face-off versus Connor McDavid in neutral zone.
9:50 of 3rd period - Minor Penalty to Jason Zucker for Roughing.
9:51 of 3rd period - Connor McDavid wins face-off versus Jack Eichel in ANAHEIM zone.
9:57 of 3rd period - Icing by Teuvo Teravainen.
9:58 of 3rd period - Jack Eichel wins face-off versus Connor McDavid in PITTSBURGH zone.
10:07 of 3rd period - Shot by Cale Makar.
10:07 of 3rd period - Shot Misses the Net.
11:20 of 3rd period - Shot by Jordan Greenway.
11:20 of 3rd period - Shot Misses the Net.
11:50 of 3rd period - Shot by Teuvo Teravainen.
11:50 of 3rd period - Stopped by Cam Talbot with a rebound.
11:56 of 3rd period - Shot by Trevor Lewis.
11:56 of 3rd period - Shot Blocked by Mike Green.
11:58 of 3rd period - Shot by Sammy Blais.
11:58 of 3rd period - Shot Blocked by Chris Wagner.
12:04 of 3rd period - Shot by Sammy Blais.
12:04 of 3rd period - Stopped by Cam Talbot without a rebound.
12:05 of 3rd period - Lars Eller wins face-off versus Andreas Athanasiou in ANAHEIM zone.
12:10 of 3rd period - Shot by Andrei Svechnikov.
12:10 of 3rd period - Shot Misses the Net.
12:53 of 3rd period - Shot by Vincent Hinostroza.
12:53 of 3rd period - Stopped by Cam Talbot with a rebound.
13:24 of 3rd period - Michael Frolik is hit by Nick Jensen and loses puck.
14:13 of 3rd period - Icing by Mike Green.
14:14 of 3rd period - Connor McDavid wins face-off versus Derek Ryan in ANAHEIM zone.
14:45 of 3rd period - Icing by Evgeny Kuznetsov.
14:46 of 3rd period - Lars Eller wins face-off versus Evgeny Kuznetsov in ANAHEIM zone.
14:50 of 3rd period - Icing by Joel Edmundson.
14:51 of 3rd period - Lars Eller wins face-off versus Evgeny Kuznetsov in ANAHEIM zone.
14:51 of 3rd period - Andrei Svechnikov is hit by Joel Edmundson and loses puck.
15:00 of 3rd period - Shot by Andrei Svechnikov.
15:00 of 3rd period - Stopped by Cam Talbot with a rebound.
15:52 of 3rd period - Shot by Connor McDavid.
15:52 of 3rd period - Stopped by Philipp Grubauer without a rebound.
15:53 of 3rd period - Pierre-Luc Dubois wins face-off versus Derek Ryan in PITTSBURGH zone.
15:53 of 3rd period - Pierre-Luc Dubois is hit by Cale Makar.
16:06 of 3rd period - Icing by Kris Russell.
16:07 of 3rd period - Connor McDavid wins face-off versus Jordan Greenway in PITTSBURGH zone.
16:08 of 3rd period - Shot by Jason Zucker.
16:08 of 3rd period - Stopped by Philipp Grubauer without a rebound.
16:09 of 3rd period - Jack Eichel wins face-off versus Jason Zucker in PITTSBURGH zone.
16:29 of 3rd period - Trevor van Riemsdyk is hit by Jack Eichel and loses puck.
17:33 of 3rd period - Icing by Casey Nelson.
17:34 of 3rd period - Lars Eller wins face-off versus Pierre-Luc Dubois in ANAHEIM zone.
17:34 of 3rd period - Nick Jensen is hit by Mike Green and loses puck.
17:41 of 3rd period - Brandon Tanev is hit by Pierre-Luc Dubois and loses puck.
18:00 of 3rd period - PITTSBURGH, Philipp Grubauer is pulled from the net.
19:22 of 3rd period - Shot by Jack Eichel.
19:22 of 3rd period - Stopped by Cam Talbot without a rebound.
19:23 of 3rd period - Andrew Shaw wins face-off versus Jack Eichel in ANAHEIM zone.
19:30 of 3rd period - Cale Makar is hit by Chris Wagner and loses puck.
19:39 of 3rd period - Shot by Connor McDavid.
19:39 of 3rd period - Shot Blocked by Kris Russell.
19:47 of 3rd period - Shot by Andrew Shaw.
19:47 of 3rd period - Shot Misses the Net.
19:49 of 3rd period - Shot by Connor McDavid.
19:49 of 3rd period - Shot Blocked by Cale Makar.
19:51 of 3rd period - Shot by Joel Edmundson.
19:51 of 3rd period - Shot Misses the Net.
19:53 of 3rd period - Shot by Joel Edmundson.
19:53 of 3rd period - Shot Misses the Net.
19:55 of 3rd period - Shot by Andrew Shaw.
19:55 of 3rd period - Shot Misses the Net.
19:57 of 3rd period - Shot by Joel Edmundson.
19:57 of 3rd period - Goal by Joel Edmundson - ANAHEIM : 4 - PITTSBURGH : 2.
19:57 of 3rd period - Philipp Grubauer from PITTSBURGH was sent back in the game.
19:58 of 3rd period - Evgeny Kuznetsov wins face-off versus Trevor Lewis in neutral zone.
Goals for this period are 1 for ANAHEIM vs 1 for PITTSBURGH.
Shots for this period are 6 for ANAHEIM vs 9 for PITTSBURGH.